 Dungeon Crawl Stone Soup version 0.32-a0-953-g508020473e (webtiles) character file.

Game seed: 18028127347973588778

19299 Cancer the Arsonist (level 12, -5/100 HPs)
             Began as a Mountain Dwarf Fire Elementalist on Apr 15, 2024.
             Was an Elder of Vehumet.
             Shot with an arrow by a minotaur (22 damage)
             ... in a Gauntlet on Apr 16, 2024.
             The game lasted 01:17:38 (14303 turns).

Cancer the Arsonist (MDFE)                         Turns: 14303, Time: 01:17:38

Health: -5/100     AC: 22    Str: 13    XL:     12   Next: 35%
Magic:  23/24      EV: 24    Int: 27    God:    Vehumet [****..]
Gold:   722        SH:  9    Dex: 10    Spells: 13/27 levels left

rFire   + . .        e - +4 flail
rCold   . . .        O - +0 kite shield
rNeg    . . .        A - +0 chain mail "Goiqeu" {Rampage Regen+ Int+5}
rPois   .            E - +0 helmet
rElec   .            J - +2 cloak
rCorr   .            T - +0 pair of gloves
SInv    .            k - +0 pair of boots
Will    +....        P - amulet of Asucvam {Acrobat rF+ Str+3} Stlth
                     i - +4 ring of protection
HPRegen 1.16/turn    p - +5 ring of evasion
MPRegen 0.19/turn

%: no teleportation, acrobat, rampage
@: acrobatic
A: runic magic, artefact enchanting
a: Renounce Religion


You were in a Gauntlet.
You worshipped Vehumet.
Vehumet was greatly pleased with you.
You visited 2 branches of the dungeon, and saw 12 of its levels.
You also visited: Bailey and Gauntlet.

You collected 722 gold pieces.

Inventory:

Hand Weapons
 e - a +4 flail (weapon)
 F - a +2 spear of flaming
 K - a +1 heavy hand axe
 R - a +0 falchion of holy wrath
Armour
 j - a +0 plate armour of fire resistance
 k - a +0 pair of boots (worn)
 v - a +1 cloak of stealth
 A - the +0 chain mail "Goiqeu" (worn) {Rampage Regen+ Int+5}
   (You found it on level 6 of the Dungeon)

   Int+5:     It affects your intelligence (+5).
   Regen+:    It increases your rate of health regeneration.
   Rampage:   It bestows one free step when moving towards enemies.
 E - a +0 helmet (worn)
 J - a +2 cloak (worn)
 O - a +0 kite shield (worn)
 Q - the +1 pair of boots "Kodghuni" {*Slow rPois rF+ rC+}
   (You found it on level 7 of the Dungeon)

   rF+:       It protects you from fire.
   rC+:       It protects you from cold.
   rPois:     It protects you from poison.
   *Slow:     It may slow you when you take damage.
 S - +0 acid dragon scales
 T - a +0 pair of gloves (worn)
 U - a +2 helmet of see invisible
 V - a +3 leather armour of poison resistance
Jewellery
 i - a +4 ring of protection (left hand)
 p - a +5 ring of evasion (right hand)
 u - a ring of protection from fire
 y - a +6 ring of intelligence
 D - a ring of magical power
 P - the amulet of Asucvam (around neck) {Acrobat rF+ Str+3}
   (You found it in a Gauntlet)

   [amulet of the acrobat]

   Acrobat:   It increases your evasion while moving and waiting.
   Str+3:     It affects your strength (+3).
   rF+:       It protects you from fire.
Scrolls
 c - 7 scrolls of teleportation
 d - 3 scrolls of enchant weapon
 f - a scroll of enchant armour
 g - 2 scrolls of identify
 h - 3 scrolls of blinking {unknown}
 m - 2 scrolls of vulnerability {unknown}
 r - 2 scrolls of amnesia {unknown}
 t - 5 scrolls of revelation
 w - a scroll of immolation {unknown}
 x - 2 scrolls of torment {unknown}
 z - 2 scrolls of poison {unknown}
 C - a scroll of noise {unknown}
 H - a scroll of fog {unknown}
 L - 2 scrolls of fear
Potions
 a - 2 potions of might {unknown}
 b - a potion of magic
 l - 2 potions of mutation {unknown}
 n - a potion of enlightenment {unknown}
 o - 2 potions of curing
 q - 5 potions of heal wounds
 s - a potion of resistance {unknown}
 B - 2 potions of brilliance {unknown}
 G - 3 potions of ambrosia {unknown}
 I - 2 potions of cancellation {unknown}
 M - a potion of invisibility {unknown}
 N - 2 potions of haste {unknown}


   Skills:
 + Level 7.3 Fighting
 + Level 8.6 Armour
 - Level 1.3 Dodging
 - Level 1.4 Stealth
 + Level 6.9 Shields
 - Level 8.0 Spellcasting
 - Level 8.0 Conjurations
 - Level 13.5 Fire Magic


You had 13 spell levels left.
You knew the following spells:

 Your Spells              Type           Power      Damage    Failure   Level
a - Foxfire               Conj/Fire      100%       2x1d9     1%          1
b - Scorch                Fire           100%       2d9       1%          2
c - Volatile Blastmotes   Fire/Tloc      94%        2d17      1%          3
d - Flame Wave            Conj/Fire      62%        2d14      1%          4
e - Sticky Flame          Fire/Alch      47%        2d9       5%          4

Your spell library contained the following spells:

 Spells                   Type           Power      Damage    Failure   Level
 Inner Flame              Hex/Fire       47%        N/A       1%          3
 Iskenderun's Battlesphe  Conj           52%        2d10      9%          5
 Summon Blazeheart Golem  Fire/Summ      47%        N/A       19%         4
 Call Imp                 Summ           20%        N/A       41%         2
 Ensorcelled Hibernation  Hex/Ice        20%        N/A       41%         2
 Sublimation of Blood     Necr           10%        N/A       41%         2
 Passwall                 Erth           10%        N/A       65%         3
 Sigil of Binding         Hex            10%        N/A       65%         3
 Swiftness                Air            10%        N/A       65%         3
 Bombard                  Conj/Erth      16%        9d3       88%         6
 Orb of Destruction       Conj           26%        9d9       89%         7
 Anguish                  Hex/Necr       5%         N/A       96%         4
 Cause Fear               Hex            5%         N/A       96%         4
 Vhi's Electric Charge    Tloc/Air       20%        N/A       96%         4
 Enfeeble                 Hex            5%         N/A       100%        7
 Spellforged Servitor     Conj/Summ      16%        N/A       100%        7
 Summon Hydra             Summ           5%         N/A       100%        7


Dungeon Overview and Level Annotations

Branches:
Dungeon (11/15)            Temple (1/1) D:4            Lair (0/5) D:9
 Bailey (visited)         Gauntlet (1/1)
    Orc: D:9-12

Altars:
Ashenzari
Cheibriados
Dithmenos
Elyvilon
Fedhas
Gozag
Hepliaklqana
Kikubaaqudgha
Makhleb
Nemelex Xobeh
Okawaru
Qazlal
Ru
Sif Muna
Trog
Uskayaw
Vehumet
Wu Jian
Xom
Yredelemnul
Zin
The Shining One

Shops:
D:3 (   D:10 *

Annotations:
D:7 wall
D:11 stash Gauntlet 6 transporters, 3 runed translucent doors, exclusions: ice statue and obsidian statue


Innate Abilities, Weirdness & Mutations

Your spellcasting is much less encumbered by armour.
You can use scrolls of enchantment on lesser artefacts.


Message History

The minotaur gores you but does no damage.
A wave of flame ripples out!
The flame wave engulfs the minotaur.
The minotaur is severely wounded.
The minotaur burns!
The minotaur hits you with a +2 trident of protection!
* * * LOW HITPOINT WARNING * * *
The minotaur misses you.
The minotaur burns!
The minotaur is no longer more vulnerable to fire.
The minotaur unwields a +2 trident of protection.
The minotaur wields a +2 orcbow of flaming.
It bursts into flame!
The minotaur shoots an arrow.
The arrow misses you.
The minotaur burns!
The minotaur stops burning.
The minotaur shoots an arrow.
You block the arrow.
The minotaur shoots an arrow.
You block the arrow.
The minotaur shoots an arrow.
The arrow hits you!!
* * * LOW HITPOINT WARNING * * *
The arrow burns you.
* * * LOW HITPOINT WARNING * * *
The minotaur shoots an arrow.
You block the arrow.
The minotaur shoots an arrow.
You block the arrow.
The minotaur shoots an arrow.
The arrow completely misses you.
The minotaur shoots an arrow.
The arrow closely misses you.
The minotaur shoots an arrow.
You block the arrow.
The minotaur shoots an arrow.
The arrow hits you!! The arrow burns you.
The minotaur throws a javelin.
The javelin pierces through you.
The minotaur shoots an arrow.
The arrow hits you!!
* * * LOW HITPOINT WARNING * * *
The arrow burns you.
* * * LOW HITPOINT WARNING * * *
The minotaur shoots an arrow.
The arrow hits you!!
* * * LOW HITPOINT WARNING * * *
The arrow burns you.
* * * LOW HITPOINT WARNING * * *
The minotaur shoots an arrow.
The arrow hits you.
* * * LOW HITPOINT WARNING * * *
The arrow burns you.
* * * LOW HITPOINT WARNING * * *
The minotaur shoots an arrow.
The arrow hits you!!
You die...

########..###..#..##.#..#
#.........##≈..#©.#.©....
##.##.###..###..#..##.#..#
#ß......H..##≈..#.##...##.
#.....#.#..###..#..#...#..
#########.#H#....#..#...#.#...
#ß/ß÷ß.ß#...#...©#..##########
#∩......'.###....#............
#ß=ß[ß.ß#...#@...#.∩..........
#########.#.#...©#..#########.
#.....#.#....#..#.....#.#.
#ß.........###..#.###.#.#.
##.##.###..##≈..#=^.###.##
#.........###..#©..©..I#©
########..##≈..#?^.###.##
######..#=###.#.#.
#≈..#.....#.#.


You could see a minotaur.

Vanquished Creatures
  A dire elephant (Gauntlet)
  2 vault guards (Bailey)
  4 two-headed ogres
  A necromancer (Gauntlet)
  2 cyclopes
  2 elephants
  2 unseen horrors
  A gargoyle (D:11)
  Jeremiah (D:8)
  A komodo dragon (D:9)
  Psyche (D:11)
  Grinder (D:3)
  Prince Ribbit (Bailey)
  A wyvern (D:10)
  Sigmund (D:3)
  5 small abominations (Gauntlet)
  A wraith (D:9)
  32 yaks
  6 humans (Bailey)
  A steam dragon (D:8)
  Duvessa (D:4)
  2 water moccasins
  2 acid dragons
  A black bear (D:9)
  3 orc warriors
  3 sky beasts
  An ice beast (D:8)
  3 wolves (Gauntlet)
  2 centaurs
  2 phantoms
  2 kobold brigands
  2 gnoll sergeants
  9 bullfrogs
  6 scorpions
  7 wights
  Dowan (D:4)
  3 crimson imps (D:10)
  3 howler monkeys (D:11)
  4 bombardier beetles
  2 jellies
  2 gnoll boudas
  A hound (D:6)
  Crazy Yiuf (D:3)
  3 orc priests
  A sleepcap (D:7)
  2 iguanas
  12 orc wizards
  21 gnolls
  4 adders
  A shadow imp (D:8)
  4 white imps
  A dart slug (D:5)
  6 ribbon worms
  21 orcs
  2 bats (D:1)
  2 endoplasms (D:2)
  2 giant cockroaches
  5 hobgoblins
  15 kobolds
  4 quokkas
  6 ball pythons
  3 frilled lizards
  10 goblins
  4 rats
259 creatures vanquished.

Vanquished Creatures (collateral kills)
  A foxfire (D:2)
1 creature vanquished.

Vanquished Creatures (others)
  475 foxfires
475 creatures vanquished.

Grand Total: 735 creatures vanquished

Notes
Turn   | Place    | Note
-------+----------+-------------------------------------------
     0 | D:1      | Cancer the Mountain Dwarf Fire Elementalist began the quest
                  | for the Orb.
     0 | D:1      | Reached XP level 1. HP: 14/14 MP: 3/3
    47 | D:1      | Reached skill level 1 in Conjurations
    90 | D:1      | You fall into a shaft and drop 1 floor!
   247 | D:1      | Reached XP level 2. HP: 4/20 MP: 1/5
   808 | D:1      | Reached skill level 4 in Fire Magic
  1551 | D:2      | Reached XP level 3. HP: 26/26 MP: 0/6
  1693 | D:2      | Reached skill level 1 in Armour
  1912 | D:3      | Found a faded altar of an unknown god.
  1912 | D:3      | Found Ibowux's Antique Weapon Shoppe.
  1974 | D:3      | Noticed Sigmund
  2149 | D:2      | Reached XP level 4. HP: 19/33 MP: 0/7
  2497 | D:3      | Killed Sigmund
  2498 | D:3      | Reached skill level 5 in Fire Magic
  2498 | D:3      | Reached XP level 5. HP: 33/38 MP: 2/9
  2503 | D:3      | Learned a level 2 spell: Scorch
  2582 | D:3      | Reached XP level 6. HP: 45/45 MP: 5/10
  2890 | D:3      | Found a runed translucent door.
  2891 | D:3      | Noticed Crazy Yiuf
  2950 | D:3      | Noticed Grinder
  2962 | D:3      | Paralysed by Grinder for 5 turns
  2963 | D:3      | Killed Grinder
  3149 | D:3      | Killed Crazy Yiuf
  3150 | D:3      | Reached skill level 6 in Fire Magic
  3150 | D:3      | Reached XP level 7. HP: 26/50 MP: 5/12
  3467 | D:4      | Found a broken altar of Ashenzari.
  3500 | D:4      | Found a radiant altar of Vehumet.
  3544 | D:4      | Became a worshipper of Vehumet
  3810 | D:4      | Found a sparkling altar of Nemelex Xobeh.
  3958 | D:4      | Noticed Duvessa
  3958 | D:4      | Noticed Dowan
  4043 | D:4      | Killed Duvessa
  4094 | D:4      | Killed Dowan
  4289 | D:4      | Found a staircase to the Ecumenical Temple.
  4299 | Temple   | Entered the Ecumenical Temple
  4389 | D:5      | Entered Level 5 of the Dungeon
  4761 | D:5      | Reached skill level 7 in Fire Magic
  5187 | D:4      | Learned a level 3 spell: Volatile Blastmotes
  5521 | D:5      | Reached XP level 8. HP: 57/57 MP: 8/15
  5794 | D:5      | Reached skill level 5 in Spellcasting
  5957 | D:6      | Identified the +0 chain mail "Goiqeu" {Rampage Regen+
                  | Int+5}
  6016 | D:6      | Reached skill level 8 in Fire Magic
  6258 | D:6      | Reached skill level 5 in Conjurations
  6323 | D:6      | Found a glowing silver altar of Zin.
  6569 | D:6      | Reached skill level 9 in Fire Magic
  6863 | D:6      | Upgraded the game from 0.32-a0-938-g40ac7a0f4d to
                  | 0.32-a0-953-g508020473e
  6918 | D:6      | Learned a level 4 spell: Flame Wave
  7000 | D:7      | Reached * piety under Vehumet
  7000 | D:7      | Offered knowledge of Sting by Vehumet.
  7090 | D:7      | Reached skill level 1 in Fighting
  7090 | D:7      | Reached XP level 9. HP: 59/64 MP: 11/17
  7521 | D:7      | Found a glowing golden altar of the Shining One.
  7780 | D:7      | Found a burning altar of Makhleb.
  7780 | D:7      | Noticed an Executioner
  7800 | D:7      | Found a white marble altar of Elyvilon.
  7806 | D:7      | Identified the +1 pair of boots "Kodghuni" {*Slow rPois rF+
                  | rC+}
  8206 | D:8      | Found a flagged portal.
  8299 | Bailey   | Entered a bailey
  8380 | Bailey   | Reached skill level 10 in Fire Magic
  8553 | Bailey   | Noticed Prince Ribbit
  8571 | Bailey   | Killed Prince Ribbit
  8572 | Bailey   | Reached skill level 11 in Fire Magic
  8588 | Bailey   | Noticed a vault guard
  8590 | Bailey   | Reached ** piety under Vehumet
  8654 | Bailey   | Offered knowledge of Sandblast by Vehumet.
  8689 | Bailey   | Killed a vault guard
  8690 | Bailey   | Reached XP level 10. HP: 74/74 MP: 13/19
  8830 | Bailey   | Noticed a vault guard
  8851 | Bailey   | Killed a vault guard
  9140 | D:8      | Reached skill level 12 in Fire Magic
  9173 | D:8      | Reached skill level 5 in Armour
  9173 | D:8      | Reached skill level 1 in Shields
  9345 | D:8      | Noticed Jeremiah
  9517 | D:8      | Found a bloodstained altar of Trog.
 10308 | D:9      | Noticed a two-headed ogre
 10334 | D:9      | Killed a two-headed ogre
 10376 | D:9      | Reached XP level 11. HP: 59/84 MP: 5/21
 10578 | D:9      | Offered knowledge of Static Discharge by Vehumet.
 10633 | D:9      | Found an ancient bone altar of Kikubaaqudgha.
 10652 | D:9      | Reached *** piety under Vehumet
 10795 | D:9      | Reached skill level 13 in Fire Magic
 10990 | D:9      | Noticed a two-headed ogre
 10996 | D:9      | Killed a two-headed ogre
 11153 | D:9      | Found a staircase to the Lair.
 11238 | D:9      | Found an opulent altar of Gozag.
 11675 | D:8      | Killed Jeremiah
 11784 | D:10     | Entered Level 10 of the Dungeon
 11829 | D:10     | Offered knowledge of Mephitic Cloud by Vehumet.
 11846 | D:10     | Reached skill level 5 in Fighting
 12184 | D:10     | Found a basalt altar of Yredelemnul.
 12300 | D:10     | Found Ucvylit's General Store.
 12344 | D:10     | Noticed a two-headed ogre
 12350 | D:10     | Killed a two-headed ogre
 12449 | D:10     | Reached skill level 5 in Shields
 12534 | D:10     | Found a sacrificial altar of Ru.
 12534 | D:10     | Found a hazy altar of Hepliaklqana.
 12823 | D:11     | Noticed Psyche
 12827 | D:11     | Killed Psyche
 12830 | D:11     | Noticed a two-headed ogre
 12841 | D:11     | Killed a two-headed ogre
 12859 | D:11     | Reached **** piety under Vehumet
 12919 | D:11     | Reached XP level 12. HP: 57/96 MP: 9/24
 12965 | D:11     | Offered knowledge of Sticky Flame by Vehumet.
 13177 | D:11     | Found a gate leading to a gauntlet.
 13192 | Gauntlet | Entered a Gauntlet
 13192 | Gauntlet | Found a transporter.
 13192 | Gauntlet | Found a transporter.
 13192 | Gauntlet | Found a transporter.
 13193 | Gauntlet | Found a transporter.
 13195 | Gauntlet | Found a transporter.
 13197 | Gauntlet | Found a transporter.
 13213 | Gauntlet | Found a runed translucent gate.
 13214 | Gauntlet | Found a runed translucent gate.
 13218 | Gauntlet | Found a runed translucent gate.
 13219 | Gauntlet | Found a transporter.
 13220 | Gauntlet | Found a transporter.
 13221 | Gauntlet | Found a transporter.
 13222 | Gauntlet | Found a transporter.
 13234 | Gauntlet | Found a transporter.
 13238 | Gauntlet | Found a transporter.
 13343 | Gauntlet | Noticed a dire elephant
 13595 | Gauntlet | Killed a dire elephant
 13603 | Gauntlet | Identified the amulet of Asucvam {Acrobat rF+ Str+3}
 13757 | Gauntlet | Identified the +1 chain mail of Thoughtfulness {rN+ Stlth+}
 13757 | Gauntlet | Noticed a minotaur
 14156 | Gauntlet | Learned a level 4 spell: Sticky Flame
 14303 | Gauntlet | Shot with an arrow by a minotaur

Illustrated notes

Levels and vault maps discovered:
D:1:      eino_arrival_cavern_a, layout_basic
D:2:      layout_rooms, serial_bayou_lake_a
D:3:      layout_rooms, serial_shops, shop,
          ebering_ecumenical_altar_sacrificial, uniq_sigmund,
          uniq_crazy_yiuf_cottage, uniq_grinder
D:4:      layout_layer_cave, ashenzari_conservatory_becter,
          mainiacjoe_overflow_tiny_flanked, mainiacjoe_overflow_paths,
          minmay_temple_entry_fiery, uniq_duvessa
D:5:      layout_gridville
D:6:      layout_loops_ring, mainiacjoe_overflow_chevrons
D:7:      minmay_flawed_box, layout_gridville, tso_metal_star,
          lemuel_tele_altar, makhleb_altar_promises_db
D:8:      layout_basic, mainiacjoe_overflow_cross_hatched, enter_bailey_2,
          minmay_gold_behind_fungi, minmay_between, uniq_jeremiah
D:9:      layout_small_grid, mainiacjoe_overflow_small_starburst,
          mainiacjoe_overflow_alcove_2, grunt_lair_entry_orc_guard_hut
D:10:     argonaut_augean_stables, layout_small_grid, lemuel_round_altar,
          gammafunk_temple_overflow_elements, serial_shops,
          nicolae_shop_advertising_works [nicolae_subvault_shop_adworks],
          minmay_fire_ice_demons
D:11:     layout_stronghold, gauntlet_entry_generic, uniq_psyche, uniq_snorg
Temple:   nicolae_temple_figure_zero
Gauntlet: minmay_gauntlet_mixed_big_or_small [nicolae_gauntlet_arena_t_cross,
          minmay_gauntlet_arena_77_mess, gammafunk_gauntlet_arena_arrow_garden,
          minmay_gauntlet_arena_77_run_for_it,
          gammafunk_gauntlet_arena_chambers, minmay_gauntlet_arena_77_mirror,
          nicolae_gauntlet_exit_dead_adventurers]

Skill      XL: |  1  2  3  4  5  6  7  8  9 10 11 12 |
---------------+-------------------------------------+-----
Conjurations   | 1 2 3 4 5 6 7 8 |  8.0
Spellcasting   | 2 3 4 5 6 7 8 |  8.0
Fire Magic     | 4 5 6 7 9 11 12 13 | 13.5
Armour         | 1 2 4 5 7 8 |  8.6
Fighting       | 1 2 4 6 7 |  7.3
Shields        | 2 5 6 |  6.9
Dodging        | |  1.3
Stealth        | |  1.4

Action                     |  1- 3 |  4- 6 |  7- 9 | 10-12 || total
---------------------------+-------+-------+-------+-------++-------
  Melee: Short sword       |    81 |    12 |       |       ||    93
         Mace              |       |    22 |    81 |       ||   103
         Spear             |       |       |   173 |   403 ||   576
         Flail             |       |       |       |     2 ||     2
         Hand axe          |       |       |       |     1 ||     1
   Cast: Foxfire           |    50 |    32 |   148 |    40 ||   270
         Scorch            |       |     2 |    25 |    54 ||    81
         Volatile Blastmot |       |       |    10 |     5 ||    15
         Flame Wave        |       |       |     6 |    37 ||    43
         Sticky Flame      |       |       |       |     1 ||     1
    Use: Scroll            |       |       |     6 |     2 ||     8
 Armour: Leather armour    |    11 |    15 |    89 |       ||   115
         Robe              |     1 |       |       |       ||     1
         Scale mail        |    73 |    10 |       |       ||    83
         Chain mail        |       |       |   368 |   613 ||   981
  Dodge: Dodged            |    52 |    34 |   210 |   231 ||   527
  Block: Kite shield       |       |       |       |   271 ||   271

Table legend: (Time is in decaauts)
 A = Elapsed time spent in this place.
 B = Non-inter-level travel time spent in this place.
 C = Inter-level travel time spent in this place.
 D = Time resting spent in this place.
 E = Time spent auto-exploring this place.
 F = Levels seen in this place.
 G = Mean time per level.
                   A        B        C        D        E       F      G
               +--------+--------+--------+--------+--------+-----+--------+
         Total |  14540 |  12824 |   1716 |   1223 |   6501 |  14 | 1038.6 |
       Dungeon |  12815 |  11099 |   1716 |    935 |   6501 |  11 | 1165.0 |
        Temple |      1 |      1 |      0 |      0 |      0 |   1 |    1.0 |
        Bailey |    611 |    611 |      0 |    164 |      0 |   1 |  611.0 |
      Gauntlet |   1111 |   1111 |      0 |    124 |      0 |   1 | 1111.0 |
               +--------+--------+--------+--------+--------+-----+--------+

Top non-repeatable levels by time:
     D:8: 1795 daAuts
     D:7: 1281 daAuts
     D:4: 1274 daAuts
     D:1: 1243 daAuts
     D:3: 1237 daAuts
     D:9: 1189 daAuts
     D:5: 1179 daAuts
     D:6: 1121 daAuts
Gauntlet: 1111 daAuts
     D:2: 1077 daAuts
    D:10: 972 daAuts
  Bailey: 611 daAuts
    D:11: 441 daAuts
  Temple: 1 daAuts
